 Dungeon Crawl Stone Soup version 0.31.0-9-g3a7656b989 (webtiles) character file.

Game seed: 14907232366203925174

13375 qw the Spry (level 11, -8/56 HPs)
             Began as a Spriggan Hunter on Feb 2, 2024.
             Was a Follower of Okawaru.
             Mangled by a black mamba (11 damage)
             ... on level 1 of the Lair of Beasts.
             The game lasted 00:01:20 (9223 turns).

qw the Spry (Spriggan Hunter)                       Turns: 9223, Time: 00:01:20

Health: -8/56      AC: 11    Str: 12      XL:     11   Next: 74%
Magic:  12/12      EV: 32    Int: 10      God:    Okawaru [*.....]
Gold:   497        SH:  5    Dex: 23 (24) Spells: 10/10 levels left

rFire   + . .        p - +0 orcbow
rCold   + . .        (shield currently unavailable)
rNeg    + . .        f - +2 robe {rC+ rF+}
rPois   +            (helmet restricted)
rElec   .            q - +2 ratskin cloak {*Rats rPois rN+ Str-1 Int-1 Dex+1}
rCorr   .            (gloves unavailable)
SInv    +            (boots unavailable)
Will    +....        j - amulet of reflection
Stlth   ++           l - +4 ring of protection
HPRegen 0.29/turn    t - +6 ring of strength
MPRegen 0.13/turn

%: reflection
@: lethally poisoned (-8 -> -18), about to teleport, very quick
A: very small, no large weapons, unfitting armour, see invisible, speed 3,
deterioration 1, screaming 1
a: Renounce Religion, Heroism


You were on level 1 of the Lair of Beasts.
You worshipped Okawaru.
Okawaru was aware of your devotion.
You visited 3 branches of the dungeon, and saw 12 of its levels.

You collected 497 gold pieces.


Innate Abilities, Weirdness & Mutations

You are very small and have problems with some larger weapons.
You are too small for most types of armour.
You have supernaturally acute eyesight. (SInv)
You cover ground extremely quickly. (Speed+++)
Your body sometimes deteriorates upon taking damage.
You occasionally shout uncontrollably at your foes.


   Skills:
 + Level 5.7 Fighting
 - Level 14.0 Ranged Weapons
 - Level 15.1 Dodging
 - Level 1.5 Stealth
 + Level 1.1 Invocations


You had 10 spell levels left.
You didn't know any spells.
Your spell library was empty.

Inventory:

Hand Weapons
 p - a +0 orcbow (weapon)
Armour
 f - a +2 robe of resistance (worn)
 q - the +2 ratskin cloak (worn) {*Rats rPois rN+ Str-1 Int-1 Dex+1}
   (You found it on level 7 of the Dungeon)

   *Rats:     When the wearer is hurt, rats may emerge from it to assist them.
   Str-1:     It affects your strength (-1).
   Int-1:     It affects your intelligence (-1).
   Dex+1:     It affects your dexterity (+1).
   rPois:     It protects you from poison rN+: It protects you from negative
   energy.
Jewellery
 j - an amulet of reflection (around neck)
 l - a +4 ring of protection (left hand)
 n - a ring of poison resistance
 t - a +6 ring of strength (right hand)
Wands
 g - a wand of polymorph (21)
 m - a wand of roots (24)
 o - a wand of digging (6)
 s - a wand of mindburst (9)
Scrolls
 h - 2 scrolls of teleportation
 i - 2 scrolls of enchant armour
Potions
 a - a potion of brilliance {unknown}
 b - 5 potions of curing
 c - a potion of cancellation
 d - a potion of lignification {unknown}
 e - 3 potions of resistance
 k - 5 potions of mutation
 r - 3 potions of might

Dungeon Overview and Level Annotations

Branches:
Dungeon (10/15)            Temple (1/1) D:7            Lair (1/5) D:8
    Orc (0/2) D:10

Altars:
Ashenzari
Cheibriados
Dithmenos
Elyvilon
Fedhas
Gozag
Hepliaklqana
Kikubaaqudgha
Makhleb
Nemelex Xobeh
Okawaru
Qazlal
Ru
Sif Muna
Trog
Uskayaw
Vehumet
Wu Jian
Xom
Yredelemnul
Zin
The Shining One

Shops:
D:8 :   D:9 :

Annotations:
D:7 2 transporters, qw's ghost, novice DjHu
D:8 3 runed translucent doors, qw's ghost, novice DEHu
D:9 1 runed translucent door, qw's ghost, journeyman DjHu


Message History

The arrow barely misses the black mamba.
The black mamba bites you but does no damage.
You shoot an arrow.
The arrow barely misses the black mamba.
The black mamba completely misses you. x2
You shoot an arrow.
The arrow barely misses the black mamba.
The black mamba completely misses you.
You shoot an arrow.
The arrow closely misses the black mamba.
The black mamba completely misses you.
You shoot an arrow. The arrow misses the black mamba.
The black mamba barely misses you. You block the black mamba's attack.
You shoot an arrow.
The arrow closely misses the black mamba.
The black mamba bites you.
Your body deteriorates!
You feel clumsy.
You shoot an arrow.
The arrow closely misses the black mamba.
The black mamba bites you but does no damage.
The black mamba completely misses you.
You shoot an arrow. The arrow hits the black mamba.
The black mamba is heavily wounded.
The black mamba bites you!
You are lethally poisoned!
The black mamba poisons you!
9221 ||| READING 3 scrolls of teleportation.
As you read the scroll of teleportation, it crumbles to dust.
You feel strangely unstable.
You feel very sick. You block the black mamba's attack.
The black mamba misses you.
You shoot an arrow. The arrow hits the black mamba.
The black mamba is heavily wounded.
You feel very sick. You block the black mamba's attack.
You shoot an arrow.
The arrow hits the black mamba but does no damage.
The black mamba is heavily wounded.
You feel sick. The black mamba bites you!
You die...

## ###
#P###########.##########
........................
.P###P###...............
.# #............... <#
###..............
.######.#........>.....
................%S#.##
.......#.##.##..@$#
.......#.....+....#
.......#.....#....#
.............#....#
####...#.....+....#
P.........#....#
##...##.#..#..).#
.........#


You could see a black mamba.

Vanquished Creatures
  2 two-headed ogres (D:10)
  Joseph (D:10)
  An elephant (D:8)
  A gargoyle (D:10)
  A rime drake (Lair:1)
  2 unseen horrors (D:10)
  2 komodo dragons (D:8)
  A kobold demonologist (D:7)
  A troll (D:10)
  A hornet (D:8)
  Sigmund (D:5)
  26 yaks
  A vampire (D:9)
  A wyvern (D:7)
  Menkaure (D:6)
  2 water moccasins
  3 orc warriors (D:10)
  3 elephant zombies (D:9)
  2 sky beasts
  4 black bears
  An ogre (D:7)
  A wolf (D:7)
  2 centaurs
  5 kobold brigands
  Blork the orc (D:4)
  An elf zombie (D:9)
  5 gnoll sergeants
  2 bullfrogs
  4 scorpions
  5 wights (D:9)
  5 killer bees (D:9)
  A howler monkey (D:5)
  2 human zombies (D:9)
  4 orc priests
  A bombardier beetle (D:5)
  4 hounds
  2 jellies
  4 gnoll boudas
  4 iguanas
  A scorpion zombie (D:9)
  Natasha (twice) (D:2)
  8 orc wizards
  3 hound zombies (D:9)
  2 howler monkey zombies (D:9)
  34 gnolls
  7 adders
  A shadow imp (D:8)
  A white imp (D:6)
  3 adder zombies (D:9)
  3 ribbon worms
  7 dart slugs
  25 orcs
  6 endoplasms
  5 giant cockroaches
  8 goblins
  6 hobgoblins
  12 jackals
  2 quokkas
  6 ball pythons
  10 bats
  4 frilled lizards (D:1)
  25 kobolds
  6 rats
  A butterfly (D:8)
299 creatures vanquished.

Vanquished Creatures (collateral kills)
  A bullfrog (D:8)
  A scorpion (D:8)
  3 killer bees (D:9)
5 creatures vanquished.

Grand Total: 304 creatures vanquished

Notes
Turn   | Place    | Note
-------+----------+-------------------------------------------
     0 | D:1      | qw the Spriggan Hunter began the quest for the Orb.
     0 | D:1      | Reached XP level 1. HP: 10/10 MP: 2/2
     0 | D:1      | 0 ||| qw: Version: 0.3-a-155-g5e7d8dd
     0 | D:1      | 0 ||| qw: Game counter: 2588
     0 | D:1      | 0 ||| qw: Melee chars always use a shield: true
     0 | D:1      | 0 ||| qw: God list: Okawaru
     0 | D:1      | 0 ||| qw: Allow faded altars: false
     0 | D:1      | 0 ||| qw: Do Orc after clearing Dungeon:15 true
     0 | D:1      | 0 ||| qw: Do second Lair branch before Depths: true
     0 | D:1      | 0 ||| qw: Lair rune preference: random
     0 | D:1      | 0 ||| qw: Goals: Normal
     0 | D:1      | 0 ||| PLANNING D:1-11
    23 | D:1      | 23 ||| DROPPING scroll of butterflies.
    27 | D:1      | Reached skill level 3 in Dodging
   191 | D:1      | Reached XP level 2. HP: 14/14 MP: 3/3
   430 | D:1      | Reached skill level 4 in Dodging
   546 | D:1      | 546 ||| DROPPING scarf of invisibility.
   737 | D:1      | Reached XP level 3. HP: 18/18 MP: 4/4
   946 | D:1      | Found a faded altar of an unknown god.
   951 | D:1      | 951 ||| READING 3 scrolls labelled LIAM VETWYZO.
   952 | D:1      | 952 ||| READING scroll labelled CAZEDDURIRE.
   952 | D:1      | 952 ||| IDENTIFYING bubbling white potion
   953 | D:1      | 953 ||| READING scroll labelled ESOASA HEORCH.
   953 | D:1      | 953 ||| ENCHANTING +0 shortbow.
   954 | D:1      | 954 ||| READING scroll labelled DEOSOFR XOMEC.
   955 | D:1      | 955 ||| DROPPING 2 scrolls of immolation.
  1157 | D:2      | 1157 ||| READING scroll labelled GECVUTHR IPOST.
  1232 | D:2      | Noticed Natasha
  1239 | D:2      | Killed Natasha
  1286 | D:2      | Reached XP level 4. HP: 22/22 MP: 5/5
  1627 | D:2      | Noticed Natasha
  1636 | D:2      | Killed Natasha
  1637 | D:2      | Reached skill level 5 in Dodging
  1829 | D:2      | 1829 ||| READING scroll labelled QOGEDUEGRAX.
  1829 | D:2      | 1829 ||| ENCHANTING +0 shortbow.
  1853 | D:3      | 1853 ||| STAIRDANCE
  1857 | D:3      | 1857 ||| STAIRDANCE
  1866 | D:3      | Reached XP level 5. HP: 23/26 MP: 6/6
  2501 | D:3      | 2501 ||| UPGRADING to +4 ring of protection.
  2502 | D:3      | 2502 ||| READING scroll labelled VAM ADEBAOMEH.
  2503 | D:3      | 2503 ||| READING scroll labelled TEEC ZYEXATS.
  2553 | D:3      | 2553 ||| DRINKING 2 black potions.
  2554 | D:3      | 2554 ||| DRINKING 2 white potions.
  2554 | D:3      | Gained mutation: Your body sometimes deteriorates upon
                  | taking damage. [potion of mutation]
  2554 | D:3      | Gained mutation: You occasionally shout uncontrollably at
                  | your foes. [potion of mutation]
  2555 | D:3      | 2555 ||| DROPPING potion of magic.
  2691 | D:4      | Found a hazy altar of Hepliaklqana.
  2778 | D:4      | Reached skill level 6 in Ranged Weapons
  2778 | D:4      | Reached XP level 6. HP: 31/31 MP: 7/7
  3094 | D:4      | 3094 ||| UPGRADING to ring of poison resistance.
  3095 | D:4      | 3095 ||| READING 3 scrolls of identify.
  3095 | D:4      | 3095 ||| IDENTIFYING glowing orange potion
  3096 | D:4      | 3096 ||| READING 2 scrolls of identify.
  3096 | D:4      | 3096 ||| IDENTIFYING fuming green potion
  3097 | D:4      | 3097 ||| READING scroll of identify.
  3097 | D:4      | 3097 ||| IDENTIFYING fizzy grey potion
  3098 | D:4      | 3098 ||| READING scroll labelled IKEGRE ODWE.
  3103 | D:4      | 3103 ||| READING scroll labelled KAMEUSCHIJI.
  3204 | D:4      | 3204 ||| DRINKING 3 cyan potions.
  3205 | D:4      | 3205 ||| DROPPING potion of berserk rage.
  3222 | D:5      | Entered Level 5 of the Dungeon
  3222 | D:5      | Noticed Blork the orc
  3227 | D:5      | 3227 ||| STAIRDANCE
  3233 | D:4      | 3233 ||| DRINKING potion of haste.
  3234 | D:4      | Killed Blork the orc
  3235 | D:4      | Reached skill level 6 in Dodging
  3308 | D:5      | Noticed a water moccasin
  3319 | D:5      | Killed a water moccasin
  3320 | D:5      | Reached XP level 7. HP: 35/35 MP: 8/8
  3357 | D:5      | Noticed Sigmund
  3363 | D:5      | 3363 ||| FLEEEEING.
  3364 | D:5      | 3364 ||| FLEEEEING.
  3365 | D:5      | 3365 ||| FLEEEEING.
  3366 | D:5      | 3366 ||| FLEEEEING.
  3367 | D:5      | 3367 ||| FLEEEEING.
  3368 | D:5      | 3368 ||| FLEEEEING.
  3369 | D:5      | 3369 ||| FLEEEEING.
  3370 | D:5      | 3370 ||| FLEEEEING.
  3371 | D:5      | 3371 ||| FLEEEEING.
  3372 | D:5      | 3372 ||| FLEEEEING.
  3373 | D:5      | 3373 ||| FLEEEEING.
  3374 | D:5      | 3374 ||| STAIRDANCE
  3376 | D:4      | 3376 ||| FLEEEEING.
  3377 | D:4      | 3377 ||| FLEEEEING.
  3378 | D:4      | 3378 ||| FLEEEEING.
  3379 | D:4      | 3379 ||| FLEEEEING.
  3380 | D:4      | 3380 ||| FLEEEEING.
  3381 | D:4      | 3381 ||| FLEEEEING.
  3382 | D:4      | 3382 ||| FLEEEEING.
  3383 | D:4      | 3383 ||| FLEEEEING.
  3384 | D:4      | 3384 ||| FLEEEEING.
  3385 | D:4      | 3385 ||| FLEEEEING.
  3386 | D:4      | 3386 ||| FLEEEEING.
  3387 | D:4      | 3387 ||| FLEEEEING.
  3388 | D:4      | 3388 ||| FLEEEEING.
  3389 | D:4      | 3389 ||| FLEEEEING.
  3390 | D:4      | 3390 ||| FLEEEEING.
  3391 | D:4      | 3391 ||| FLEEEEING.
  3392 | D:4      | 3392 ||| FLEEEEING.
  3393 | D:4      | 3393 ||| FLEEEEING.
  3394 | D:4      | 3394 ||| FLEEEEING.
  3395 | D:4      | 3395 ||| FLEEEEING.
  3396 | D:4      | 3396 ||| FLEEEEING.
  3397 | D:4      | 3397 ||| FLEEEEING.
  3398 | D:4      | 3398 ||| FLEEEEING.
  3399 | D:4      | 3399 ||| FLEEEEING.
  3400 | D:4      | 3400 ||| FLEEEEING.
  3401 | D:4      | 3401 ||| FLEEEEING.
  3402 | D:4      | 3402 ||| FLEEEEING.
  3403 | D:4      | 3403 ||| FLEEEEING.
  3404 | D:4      | 3404 ||| FLEEEEING.
  3405 | D:4      | 3405 ||| FLEEEEING.
  3406 | D:4      | 3406 ||| FLEEEEING.
  3407 | D:4      | 3407 ||| FLEEEEING.
  3408 | D:4      | 3408 ||| STAIRDANCE
  3410 | D:3      | 3410 ||| FLEEEEING.
  3411 | D:3      | 3411 ||| FLEEEEING.
  3412 | D:3      | 3412 ||| FLEEEEING.
  3413 | D:3      | 3413 ||| FLEEEEING.
  3414 | D:3      | 3414 ||| FLEEEEING.
  3415 | D:3      | 3415 ||| FLEEEEING.
  3416 | D:3      | 3416 ||| FLEEEEING.
  3417 | D:3      | 3417 ||| FLEEEEING.
  3418 | D:3      | 3418 ||| FLEEEEING.
  3419 | D:3      | 3419 ||| FLEEEEING.
  3420 | D:3      | 3420 ||| FLEEEEING.
  3421 | D:3      | 3421 ||| FLEEEEING.
  3422 | D:3      | 3422 ||| FLEEEEING.
  3423 | D:3      | 3423 ||| FLEEEEING.
  3424 | D:3      | 3424 ||| FLEEEEING.
  3425 | D:3      | 3425 ||| FLEEEEING.
  3426 | D:3      | 3426 ||| FLEEEEING.
  3496 | D:5      | 3496 ||| STAIRDANCE
  3528 | D:5      | Killed Sigmund
  3529 | D:5      | Reached skill level 7 in Dodging
  3628 | D:5      | Found an ancient bone altar of Kikubaaqudgha.
  3665 | D:5      | 3665 ||| RETREEEEATING.
  3666 | D:5      | HP: 3/35 [black bear (11)]
  3667 | D:5      | 3667 ||| DRINKING potion of heal wounds.
  3727 | D:5      | 3727 ||| FLEEEEING.
  3728 | D:5      | 3728 ||| FLEEEEING.
  3729 | D:5      | 3729 ||| FLEEEEING.
  3731 | D:5      | 3731 ||| FLEEEEING.
  3734 | D:5      | 3734 ||| FLEEEEING.
  3735 | D:5      | 3735 ||| FLEEEEING.
  3736 | D:5      | 3736 ||| STAIRDANCE
  3752 | D:4      | 3752 ||| UPGRADING to +2 robe of resistance.
  3762 | D:4      | 3762 ||| DROPPING +0 robe.
  3893 | D:5      | Reached XP level 8. HP: 39/39 MP: 9/9
  3934 | D:5      | Reached skill level 8 in Dodging
  4064 | D:6      | Noticed Menkaure
  4076 | D:6      | Killed Menkaure
  4077 | D:6      | Reached skill level 3 in Fighting
  4237 | D:6      | Reached skill level 9 in Ranged Weapons
  4368 | D:6      | Reached skill level 9 in Dodging
  4553 | D:6      | Found a blossoming altar of Fedhas.
  4573 | D:6      | 4573 ||| READING scroll of identify.
  4573 | D:6      | 4573 ||| IDENTIFYING smoky dark potion
  4602 | D:7      | 4602 ||| RETREEEEATING.
  4644 | D:7      | 4644 ||| FLEEEEING.
  4645 | D:7      | 4645 ||| FLEEEEING.
  4660 | D:7      | 4660 ||| FLEEEEING.
  4661 | D:7      | 4661 ||| FLEEEEING.
  4662 | D:7      | 4662 ||| STAIRDANCE
  4751 | D:7      | Reached XP level 9. HP: 41/44 MP: 10/10
  4864 | D:7      | 4864 ||| FLEEEEING.
  4865 | D:7      | 4865 ||| FLEEEEING.
  4890 | D:7      | Reached skill level 10 in Dodging
  4918 | D:7      | Found a staircase to the Ecumenical Temple.
  4920 | D:7      | 4920 ||| PLANNING TEMPLE
  4920 | D:7      | 4920 ||| UPGRADING to amulet of reflection.
  4933 | Temple   | Entered the Ecumenical Temple
  4934 | Temple   | 4934 ||| PLANNING D:1-11
  5139 | D:7      | Reached skill level 11 in Dodging
  5142 | D:7      | 5142 ||| SWAPPING to +0 orcbow.
  5143 | D:7      | 5143 ||| DROPPING +1 shortbow.
  5160 | D:7      | Found the +2 ratskin cloak {*Rats rPois rN+ Str-1 Int-1
                  | Dex+1}
  5165 | D:7      | Noticed a kobold demonologist
  5171 | D:7      | Killed a kobold demonologist
  5290 | D:7      | Found a transporter.
  5290 | D:7      | Noticed a moth of wrath
  5291 | D:7      | Noticed qw's ghost (novice DjHu)
  5293 | D:7      | Found a bloodstained altar of Trog.
  5294 | D:7      | Found a transporter.
  5296 | D:7      | Noticed a two-headed ogre
  5529 | D:7      | 5529 ||| UPGRADING to +2 ratskin cloak {*Rats rPois rN+
                  | Str-1 Int-1 Dex+1}.
  5534 | D:7      | 5534 ||| REMOVING ring of poison resistance.
  5535 | D:7      | 5535 ||| UPGRADING to ring of resist corrosion.
  5536 | D:7      | 5536 ||| READING scroll labelled DEHYOVV TAISS.
  5537 | D:7      | 5537 ||| DRINKING 2 fizzy yellow potions.
  5591 | D:8      | Found a runed translucent gate.
  5591 | D:8      | Found a runed translucent gate.
  5591 | D:8      | Found a runed translucent gate.
  5628 | D:8      | Found a shimmering altar of Xom.
  5847 | D:8      | Noticed an elephant
  5848 | D:8      | 5848 ||| RETREEEEATING.
  5849 | D:8      | 5849 ||| RETREEEEATING.
  5850 | D:8      | 5850 ||| RETREEEEATING.
  5851 | D:8      | 5851 ||| RETREEEEATING.
  5852 | D:8      | 5852 ||| RETREEEEATING.
  5853 | D:8      | 5853 ||| RETREEEEATING.
  5854 | D:8      | 5854 ||| RETREEEEATING.
  5868 | D:8      | Killed an elephant
  5869 | D:8      | Reached skill level 12 in Dodging
  5869 | D:8      | Reached XP level 10. HP: 49/49 MP: 11/11
  5887 | D:8      | Found Waurr's Book Emporium.
  6004 | D:8      | Found a staircase to the Lair.
  6586 | D:8      | Noticed qw's ghost (novice DEHu)
  6637 | D:9      | Reached skill level 12 in Ranged Weapons
  6787 | D:9      | Reached skill level 13 in Dodging
  6809 | D:9      | Found Muit's Book Emporium.
  6975 | D:9      | Found a runed translucent door.
  6976 | D:9      | Noticed qw's ghost (journeyman DjHu)
  7065 | D:9      | 7065 ||| RETREEEEATING.
  7066 | D:9      | 7066 ||| RETREEEEATING.
  7067 | D:9      | 7067 ||| FLEEEEING.
  7068 | D:9      | 7068 ||| RETREEEEATING.
  7069 | D:9      | 7069 ||| FLEEEEING.
  7070 | D:9      | 7070 ||| FLEEEEING.
  7071 | D:9      | 7071 ||| FLEEEEING.
  7072 | D:9      | 7072 ||| FLEEEEING.
  7073 | D:9      | 7073 ||| FLEEEEING.
  7074 | D:9      | 7074 ||| FLEEEEING.
  7075 | D:9      | 7075 ||| FLEEEEING.
  7076 | D:9      | 7076 ||| FLEEEEING.
  7077 | D:9      | 7077 ||| FLEEEEING.
  7078 | D:9      | 7078 ||| FLEEEEING.
  7079 | D:9      | 7079 ||| FLEEEEING.
  7080 | D:9      | 7080 ||| FLEEEEING.
  7081 | D:9      | 7081 ||| FLEEEEING.
  7082 | D:9      | 7082 ||| FLEEEEING.
  7083 | D:9      | 7083 ||| FLEEEEING.
  7085 | D:9      | 7085 ||| FLEEEEING.
  7086 | D:9      | 7086 ||| FLEEEEING.
  7088 | D:9      | 7088 ||| FLEEEEING.
  7089 | D:9      | 7089 ||| FLEEEEING.
  7090 | D:9      | 7090 ||| FLEEEEING.
  7092 | D:9      | 7092 ||| FLEEEEING.
  7093 | D:9      | 7093 ||| FLEEEEING.
  7094 | D:9      | 7094 ||| FLEEEEING.
  7096 | D:9      | 7096 ||| FLEEEEING.
  7100 | D:9      | 7100 ||| FLEEEEING.
  7101 | D:9      | 7101 ||| FLEEEEING.
  7102 | D:9      | 7102 ||| FLEEEEING.
  7106 | D:9      | 7106 ||| FLEEEEING.
  7108 | D:9      | 7108 ||| FLEEEEING.
  7109 | D:9      | 7109 ||| FLEEEEING.
  7110 | D:9      | 7110 ||| FLEEEEING.
  7111 | D:9      | 7111 ||| FLEEEEING.
  7112 | D:9      | 7112 ||| FLEEEEING.
  7113 | D:9      | 7113 ||| FLEEEEING.
  7114 | D:9      | 7114 ||| FLEEEEING.
  7115 | D:9      | 7115 ||| FLEEEEING.
  7116 | D:9      | 7116 ||| FLEEEEING.
  7193 | D:9      | 7193 ||| RETREEEEATING.
  7196 | D:9      | 7196 ||| RETREEEEATING.
  7198 | D:9      | 7198 ||| RETREEEEATING.
  7201 | D:9      | 7201 ||| RETREEEEATING.
  7368 | D:9      | 7368 ||| RETREEEEATING.
  7370 | D:9      | 7370 ||| RETREEEEATING.
  7372 | D:9      | 7372 ||| RETREEEEATING.
  7377 | D:9      | 7377 ||| RETREEEEATING.
  7436 | D:9      | 7436 ||| RETREEEEATING.
  7440 | D:9      | 7440 ||| RETREEEEATING.
  7449 | D:9      | Reached XP level 11. HP: 55/55 MP: 12/12
  7463 | D:9      | Found a glowing golden altar of the Shining One.
  7738 | D:9      | Found an ancient bone altar of Kikubaaqudgha.
  7805 | D:9      | Reached skill level 14 in Dodging
  8011 | D:9      | 8011 ||| UPGRADING to +6 ring of strength.
  8013 | D:9      | 8013 ||| DROPPING ring of resist corrosion.
  8035 | D:10     | Entered Level 10 of the Dungeon
  8042 | D:10     | Noticed Joseph
  8050 | D:10     | Killed Joseph
  8076 | D:10     | Found a staircase to the Orcish Mines.
  8268 | D:10     | 8268 ||| RETREEEEATING.
  8272 | D:10     | 8272 ||| RETREEEEATING.
  8276 | D:10     | 8276 ||| RETREEEEATING.
  8277 | D:10     | 8277 ||| RETREEEEATING.
  8278 | D:10     | 8278 ||| RETREEEEATING.
  8279 | D:10     | 8279 ||| RETREEEEATING.
  8280 | D:10     | 8280 ||| RETREEEEATING.
  8282 | D:10     | 8282 ||| RETREEEEATING.
  8283 | D:10     | 8283 ||| RETREEEEATING.
  8285 | D:10     | 8285 ||| RETREEEEATING.
  8288 | D:10     | 8288 ||| RETREEEEATING.
  8289 | D:10     | 8289 ||| RETREEEEATING.
  8290 | D:10     | 8290 ||| RETREEEEATING.
  8291 | D:10     | 8291 ||| RETREEEEATING.
  8292 | D:10     | 8292 ||| RETREEEEATING.
  8294 | D:10     | 8294 ||| RETREEEEATING.
  8295 | D:10     | 8295 ||| RETREEEEATING.
  8296 | D:10     | 8296 ||| RETREEEEATING.
  8298 | D:10     | 8298 ||| RETREEEEATING.
  8299 | D:10     | 8299 ||| RETREEEEATING.
  8300 | D:10     | 8300 ||| RETREEEEATING.
  8302 | D:10     | 8302 ||| RETREEEEATING.
  8470 | D:10     | Found a shadowy altar of Dithmenos.
  8472 | D:10     | Found a white marble altar of Elyvilon.
  8477 | D:10     | Found an iron altar of Okawaru.
  8478 | D:10     | 8478 ||| PLANNING OKAWARU WORSHIP
  8481 | D:10     | Found a basalt altar of Yredelemnul.
  8487 | D:10     | Became a worshipper of Warmaster Okawaru
  8488 | D:10     | 8488 ||| PLANNING D:1-11
  8807 | D:10     | Noticed a two-headed ogre
  8808 | D:10     | Noticed a two-headed ogre
  8818 | D:10     | Killed a two-headed ogre
  8819 | D:10     | Reached skill level 15 in Dodging
  8821 | D:10     | Killed a two-headed ogre
  8821 | D:10     | Reached * piety under Okawaru
  9113 | D:10     | 9113 ||| PLANNING LAIR
  9172 | Lair:1   | Entered Level 1 of the Lair of Beasts
  9208 | Lair:1   | Reached skill level 1 in Invocations
  9220 | Lair:1   | HP: 12/56 [black mamba (7)]
  9221 | Lair:1   | 9221 ||| READING 3 scrolls of teleportation.
  9222 | Lair:1   | HP: 4/56 [poisoned by a black mamba]
  9223 | Lair:1   | Mangled by a black mamba

Levels and vault maps discovered:
D:1:      scummos_arrival_simple_crosswalls, layout_basic,
          basic_ecumenical_altar, serial_co_window_serial, co_window_paths_a,
          co_window_paths_b, co_window_paths_b, co_window_of_opportunity_a,
          co_window_of_opportunity_a, co_window_cross_4,
          co_window_unsneaky_path_e, co_window_corner_b, co_window_paths_e,
          co_window_4corner_b, glass_columns_b, glass_columns_a,
          glass_columns_b, glass_columns_a
D:2:      layout_loops_ring, serial_aquarium, aquarium_bridge_long_separate
          [aquarium_subvault_wall, aquarium_subvault_wall,
          aquarium_subvault_bridge, aquarium_subvault_bridge,
          aquarium_subvault_bridge, aquarium_subvault_wall],
          aquarium_bridge_straight [aquarium_subvault_bridge,
          aquarium_subvault_window, aquarium_subvault_bridge,
          aquarium_subvault_window], aquarium_window_corridor_3,
          aquarium_window_1, aquarium_view_2d, aquarium_view_2d,
          aquarium_balcony_double_2, aquarium_pool_side, uniq_natasha
D:3:      layout_basic, kennysheep_generic_room_8
D:4:      layout_rooms, mainiacjoe_overflow_alcove_1, nicolae_underground_beach
D:5:      layout_rooms, mainiacjoe_overflow_tiny_flanked, uniq_sigmund,
          uniq_blork_the_orc
D:6:      cheibrodos_thug_alley, layout_basic, kennysheep_mini_moat,
          kennysheep_generic_room_15, uniq_menkaure
D:7:      layout_cave_pools, minmay_temple_entry_wispy,
          gammafunk_ghost_wrathful_warriors, serial_gnoll_camp,
          gnoll_camp_medium_02, gnoll_camp_mini_hut, gnoll_camp_mini_hut,
          gnoll_camp_mini_basic, gnoll_camp_mini_hut, minmay_misc_feat_diagonals
D:8:      layout_basic, xom_butterflies, grunt_lair_entry_orc_guard_hut,
          gammafunk_ghost_necromancy, nicolae_take_the_stairs,
          nicolae_kite_square_tiling_tiny
D:9:      layout_roguey, mainiacjoe_overflow_surrounded_room,
          hellmonk_ghost_happy_afterlife, serial_shops, nicolae_stop_n_shop_2,
          roadster_capsule_ark_zombie
D:10:     layout_gridville, nicolae_overflow_macrodata_refinement, david_orc_3,
          hellmonk_guarded_unrand_dark_maul, uniq_joseph
Temple:   oiseaux_autumnal_temple
Lair:1:   layout_chaotic_city

Skill      XL: |  1  2  3  4  5  6  7  8  9 10 11 |
---------------+----------------------------------+-----
Dodging        | 3 4 5 6 7 9 12 13 15 | 15.1
Ranged Weapons | 5 6 7 8 9 11 13 14 | 14.0
Fighting       | 2 3 4 5 |  5.7
Invocations    | 1 |  1.1
Stealth        | |  1.5

Action                     |  1- 3 |  4- 6 |  7- 9 | 10-12 || total
---------------------------+-------+-------+-------+-------++-------
   Fire: Shortbow          |    99 |   193 |   355 |       ||   647
         Orcbow            |       |       |   108 |   626 ||   734
    Use: Scroll            |     5 |     8 |     2 |     1 ||    16
         Potion            |       |     4 |     2 |       ||     6
 Armour: Robe              |     5 |    21 |    59 |    69 ||   154
  Dodge: Dodged            |    42 |    80 |   271 |   344 ||   737
  Block: Other             |       |       |    15 |    78 ||    93
         Reflection        |       |       |     3 |     3 ||     6

Table legend:
 A = Non-vault XP
 B = Vault XP
 C = Vault XP percentage of total XP
 D = Non-vault monster count
 E = Vault monster count
 F = Vault count percentage of total count
                 A         B        C        D         E       F
            +---------+---------+-------+---------+---------+-------
      Total |   12923 |    6185 |  32.4 |     236 |      67 |  22.1
            +---------+---------+-------+---------+---------+-------
        D:1 |      45 |       0 |   0.0 |      26 |       0 |   0.0
        D:2 |     103 |      35 |  25.4 |      22 |       1 |   4.3
        D:3 |      81 |       0 |   0.0 |      15 |       0 |   0.0
        D:4 |     148 |      96 |  39.3 |      18 |       1 |   5.3
        D:5 |     846 |     223 |  20.9 |      20 |       1 |   4.8
        D:6 |     531 |     388 |  42.2 |      10 |      11 |  52.4
        D:7 |    1448 |     696 |  32.5 |      27 |      21 |  43.8
        D:8 |     872 |    1416 |  61.9 |      24 |       6 |  20.0
        D:9 |    4877 |     721 |  12.9 |      46 |      15 |  24.6
       D:10 |    3599 |    2610 |  42.0 |      27 |      11 |  28.9
     Lair:1 |     373 |       0 |   0.0 |       1 |       0 |   0.0
            +---------+---------+-------+---------+---------+-------
